[Event "2024  Perth Chess Club Championship (Reserves)"]
[Site "Woodvale, Perth WA AUS"]
[Date "2024.04.24"]
[Round "3"]
[White "Dawoud, Ahmad"]
[Black "Leonhardt, Wolfgang"]
[Result "0-1"]
[ECO "A45"]
[WhiteElo "1149"]
[BlackElo "1767"]
[PlyCount "44"]
[EventDate "2024.04.10"]
[EventType "swiss"]
[EventRounds "7"]
[TimeControl "3600+30"]

1. d4 Nf6 2. Bf4 c6 3. c4 d5 4. c5 g6 5. Nf3 Nbd7 6. e3 Bg7 7. Bd3 O-O 8. O-O
Nh5 9. Re1 Nxf4 10. exf4 b6 11. b4 bxc5 12. bxc5 Nxc5 13. Qc2 Nxd3 14. Qxd3 Bf5
15. Qc3 Qd6 16. Qe3 Rfe8 17. Nbd2 Rab8 18. Rab1 Bxb1 19. Nxb1 Rb2 20. Nc3 e6
21. Re2 Rxe2 22. Qxe2 Qxf4 0-1

[Event "2024  Perth Chess Club Championship (Reserves)"]
[Site "Woodvale, Perth WA AUS"]
[Date "2024.04.24"]
[Round "3"]
[White "Gough, Sebastian"]
[Black "Lanham, Bruce"]
[Result "1-0"]
[ECO "D00"]
[WhiteElo "1206"]
[BlackElo "1254"]
[PlyCount "65"]
[EventDate "2024.04.10"]
[EventType "swiss"]
[EventRounds "7"]
[TimeControl "3600+30"]

1. d4 d5 2. Bf4 Nf6 3. Nc3 e6 4. Nb5 Na6 5. e3 c6 6. Nc3 Bd6 7. Bg3 O-O 8. Bd3
Re8 9. Nf3 Qc7 10. Qd2 Nb4 11. O-O-O Nxd3+ 12. Qxd3 e5 13. dxe5 Bxe5 14. Bxe5
Rxe5 15. Nxe5 Qxe5 16. Qd4 Qg5 17. g3 Bg4 18. Rd2 Bf3 19. h4 Qg4 20. Qxg4 Nxg4
21. Rf1 Bg2 22. Re1 Bf3 23. e4 Re8 24. Rd4 Nxf2 25. Rf1 Nxe4 26. Rxf3 Nxc3 27.
bxc3 Re1+ 28. Kb2 f6 29. Rfd3 Kf7 30. c4 Re5 31. cxd5 Rxd5 32. Rxd5 cxd5 33.
Rxd5 1-0

[Event "2024 Perth Chess Club Championship (Closed)"]
[Site "Woodvale, Perth WA AUS"]
[Date "2024.05.01"]
[Round "4"]
[White "Elkington, Derek"]
[Black "Spirin, Victor"]
[Result "0-1"]
[ECO "C55"]
[WhiteElo "1896"]
[BlackElo "2204"]
[PlyCount "68"]
[EventDate "2024.04.10"]
[EventType "tourn"]
[EventRounds "7"]
[TimeControl "5400+30"]

1. e4 e5 2. Bc4 Nf6 3. d3 Nc6 4. c3 Be7 5. Nf3 O-O 6. b4 d5 7. exd5 Nxd5 8. O-O
Bf6 9. Qb3 Nb6 10. Bb5 Bf5 11. Rd1 Qe7 12. Nbd2 a5 13. Bxc6 bxc6 14. Ne4 axb4
15. cxb4 Be6 16. Qb1 Bd5 17. Be3 Qe6 18. a3 Be7 19. Nc5 Qg6 20. Ne1 f5 21. f3
Bf6 22. a4 e4 23. fxe4 Bxa1 24. Qxa1 fxe4 25. dxe4 Bxe4 26. Qd4 Bd5 27. a5 Nc4
28. Bf2 Rae8 29. Ncd3 Re4 30. Qc5 Re2 31. Qd4 Rfxf2 32. Qxf2 Rxf2 33. Kxf2 Qf6+
34. Ke2 Qe6+ 0-1

[Event "2024 Perth Chess Club Championship (Closed)"]
[Site "Woodvale, Perth WA AUS"]
[Date "2024.05.01"]
[Round "4"]
[White "Maris, Rob"]
[Black "Saxon, Marc"]
[Result "1-0"]
[ECO "E69"]
[WhiteElo "2088"]
[BlackElo "2033"]
[PlyCount "75"]
[EventDate "2024.04.10"]
[EventType "tourn"]
[EventRounds "7"]
[TimeControl "5400+30"]

1. c4 Nf6 2. Nc3 g6 3. g3 Bg7 4. Bg2 O-O 5. d4 c6 6. e4 d6 7. Nf3 Nbd7 8. O-O
e5 9. h3 Qc7 10. Be3 Re8 11. Qc2 Nf8 12. c5 exd4 13. cxd6 Qxd6 14. e5 Rxe5 15.
Bf4 Nh5 16. Ne4 Qe7 17. Bxe5 Bxe5 18. Nxe5 Qxe5 19. Qc5 Qg7 20. b4 Bd7 21. Qd6
f5 22. Nc5 Be8 23. Rfd1 g5 24. Rxd4 f4 25. g4 Nf6 26. Re1 h5 27. Re7 Qg6 28.
Be4 Nxe4 29. Nxe4 hxg4 30. Nf6+ Kh8 31. Qe5 Bf7 32. Nxg4+ Kg8 33. Nf6+ Kh8 34.
Ne4+ Kg8 35. Rd6 Ne6 36. Rdxe6 Bxe6 37. Rxe6 Qg7 38. Nf6+ 1-0

[Event "2024 Perth Chess Club Championship (Closed)"]
[Site "Woodvale, Perth WA AUS"]
[Date "2024.05.01"]
[Round "4"]
[White "Gibson, Jacob"]
[Black "Clarke, Daniel"]
[Result "1/2-1/2"]
[ECO "C83"]
[WhiteElo "1976"]
[BlackElo "1922"]
[PlyCount "70"]
[EventDate "2024.04.10"]
[EventType "tourn"]
[EventRounds "7"]
[TimeControl "5400+30"]

1. e4 e5 2. Nf3 Nc6 3. Bb5 a6 4. Ba4 Nf6 5. O-O Nxe4 6. d4 b5 7. Bb3 d5 8. dxe5
Be6 9. Be3 Be7 10. c3 Nc5 11. Bc2 Bg4 12. Re1 Ne6 13. Bc1 O-O 14. Nbd2 d4 15.
Be4 Qd7 16. Qc2 h6 17. h3 d3 18. Bxd3 Bxf3 19. Nxf3 Rad8 20. Bf5 Bc5 21. Be3
Bxe3 22. Rxe3 Ne7 23. Rd3 Qc6 24. Bxe6 Qxe6 25. Rad1 Rxd3 26. Rxd3 Qxa2 27. Rd7
Nd5 28. e6 Nf6 29. exf7+ Rxf7 30. Rd8+ Rf8 31. Rxf8+ Kxf8 32. Ne5 Qe6 33. f4
Kg8 34. Qd3 Nd5 35. Qf3 c6 1/2-1/2

[Event "2024 Perth Chess Club Championship (Closed)"]
[Site "Woodvale, Perth WA AUS"]
[Date "2024.05.01"]
[Round "4"]
[White "Plaganyi, Gyula"]
[Black "Wolstencroft, Alan"]
[Result "1-0"]
[ECO "B07"]
[WhiteElo "2053"]
[WhiteTitle "CM"]
[BlackElo "1900"]
[PlyCount "137"]
[EventDate "2024.04.10"]
[EventType "tourn"]
[EventRounds "7"]
[TimeControl "5400+30"]

1. d4 Nf6 2. Bg5 g6 3. Nc3 Bg7 4. e4 d6 5. Qd2 h5 6. O-O-O c6 7. f3 Qa5 8. Kb1
Nbd7 9. Nh3 b5 10. Bd3 b4 11. Ne2 Qb6 12. c4 bxc3 13. Qxc3 Rb8 14. Rd2 a5 15.
Rc1 c5 16. Be3 O-O 17. dxc5 Nxc5 18. Bxc5 dxc5 19. e5 Nd5 20. Qxc5 Nb4 21. Qxb6
Rxb6 22. Be4 Bxe5 23. Nhf4 Bb7 24. a3 Bxe4+ 25. fxe4 Na6 26. Nd5 Rb7 27. g3 e6
{(=)} 28. Ne3 Rfb8 29. Nc4 Bg7 30. e5 Rb5 31. Nc3 Rc5 32. Ne4 Rd5 33. Rcd1 Rbd8
34. Ned6 Rxd2 35. Rxd2 a4 36. Rf2 Rd7 37. Nb6 Rc7 38. Nxa4 Bxe5 39. Nb5 Rb7 40.
Nbc3 Nc7 41. Nc5 Ra7 42. Rc2 Nd5 43. Nxd5 exd5 44. Ka2 Kg7 45. b4 Rc7 46. Kb3
d4 47. a4 Kf8 48. Nd3 Rxc2 49. Kxc2 Bd6 50. a5 h4 51. a6 Bb8 52. gxh4 Ke7 53.
b5 Ba7 54. Ne5 Kd6 55. Nc6 Bb6 56. a7 Bxa7 57. Nxa7 Kc7 58. Kd3 Kb6 59. Nc6
Kxb5 60. Nxd4+ Kc5 61. Ke4 Kd6 62. Kf4 f6 63. Ke4 Ke7 64. Kd5 Kf7 65. Nc6 Kg7
66. Ke6 g5 67. hxg5 fxg5 68. Kf5 Kh6 69. Kg4 1-0

[Event "2024 Perth Chess Club Championship (Reserves)"]
[Site "Woodvale, Perth WA AUS"]
[Date "2024.05.01"]
[Round "4"]
[White "De Yaak, Peter"]
[Black "Deng, Eric"]
[Result "0-1"]
[ECO "B22"]
[WhiteElo "1896"]
[BlackElo "1733"]
[PlyCount "38"]
[EventDate "2024.04.10"]
[EventType "swiss"]
[EventRounds "7"]
[TimeControl "3600+30"]

1. e4 c5 2. c3 d5 3. e5 Nc6 4. d4 Bf5 5. Bd3 Bg6 6. Nf3 e6 7. Bxg6 hxg6 8. Qa4
a6 9. dxc5 Bxc5 10. Nd4 Qb6 11. O-O Bxd4 12. cxd4 Qxd4 13. Qxd4 Nxd4 14. Na3
Ne7 15. Bd2 O-O-O 16. Rac1+ Kb8 17. Bb4 Ne2+ 18. Kh1 Rxh2+ 19. Kxh2 Rh8# 0-1

[Event "2024 Perth Chess Club Championship (Reserves)"]
[Site "Woodvale, Perth WA AUS"]
[Date "2024.05.01"]
[Round "4"]
[White "Kerr, Lennon"]
[Black "Weijermars, Tristan"]
[Result "0-1"]
[ECO "D10"]
[WhiteElo "1712"]
[BlackElo "1514"]
[PlyCount "68"]
[EventDate "2024.04.10"]
[EventType "swiss"]
[EventRounds "7"]
[TimeControl "3600+30"]

1. e4 c5 2. d4 cxd4 3. c3 Nc6 4. cxd4 d5 5. Nc3 dxe4 6. d5 Ne5 7. Nxe4 Bf5 8.
Ng3 Bg6 9. Nf3 Qa5+ 10. Bd2 Qxd5 11. Qa4+ Nd7 12. Bc4 Qc6 13. Bb5 Qe6+ 14. Be3
Ngf6 15. O-O a6 16. Rad1 Rd8 17. Nd4 Qd5 18. Bc4 b5 19. Bxb5 axb5 20. Nxb5 Qb7
21. Rc1 Nd5 22. Rfd1 e6 23. Rxd5 exd5 24. Nc7+ Ke7 25. Bg5+ f6 26. Bf4 Kf7 27.
Rd1 Nb6 28. Qb5 Bd6 29. Bxd6 Rxd6 30. Qc5 Rc6 31. Qe3 Rxc7 32. Ne2 Re8 33. Qf3
Rce7 34. Rd2 Nc4 0-1

[Event "2024 Perth Chess Club Championship (Reserves)"]
[Site "Woodvale, Perth WA AUS"]
[Date "2024.05.01"]
[Round "4"]
[White "Browning, Thomas"]
[Black "Otis, Max"]
[Result "1-0"]
[ECO "E92"]
[WhiteElo "1644"]
[BlackElo "1348"]
[PlyCount "51"]
[EventDate "2024.04.10"]
[EventType "swiss"]
[EventRounds "7"]
[TimeControl "3600+30"]

1. d4 Nf6 2. c4 g6 3. Nc3 Bg7 4. Nf3 O-O 5. e4 d6 6. h3 e5 7. d5 a5 8. Be2 Na6
9. Be3 Bd7 10. Nh2 Qc8 11. O-O Ne8 12. Rc1 f5 13. f4 Bh6 14. a3 fxe4 15. Nxe4
Bxf4 16. Bxf4 Rxf4 17. Rxf4 exf4 18. Ng4 Qd8 19. Qd4 Bxg4 20. Bxg4 h5 21. Be6+
Kh7 22. Rf1 c5 23. Qc3 Qh4 24. g3 fxg3 25. Rf7+ Kh6 26. Qh8# 1-0

[Event "2024 Perth Chess Club Championship (Reserves)"]
[Site "Woodvale, Perth WA AUS"]
[Date "2024.05.01"]
[Round "4"]
[White "Garang, Kuol Awan"]
[Black "Gough, Dylan"]
[Result "0-1"]
[ECO "C00"]
[WhiteElo "1634"]
[BlackElo "1784"]
[PlyCount "94"]
[EventDate "2024.04.10"]
[EventType "swiss"]
[EventRounds "7"]
[TimeControl "3600+30"]

1. e4 e6 2. Bb5 Nc6 3. Nf3 a6 4. Bxc6 bxc6 5. d4 d5 6. e5 c5 7. c3 cxd4 8. cxd4
Bd7 9. O-O Ne7 10. Bg5 h6 11. Bd2 Ng6 12. Qc1 Be7 13. g3 Qc8 14. b4 Qb7 15. a3
Rc8 16. h4 Bb5 17. Re1 Bd3 18. Nc3 a5 19. Re3 Bf5 20. b5 c5 21. bxc6 Rxc6 22.
Nh2 Nf8 23. f3 Nd7 24. Qe1 Nb6 25. Nb5 Nc4 26. Rb3 Qa6 27. a4 O-O 28. Rc1 Nxd2
29. Qxd2 Bb4 30. Qe3 Rfc8 31. Rxc6 Qxc6 32. g4 Qc1+ 33. Nf1 Qxe3+ 34. Nxe3 Bc2
35. Na7 Bxb3 36. Nxc8 Bxa4 37. Nb6 Bb5 38. Nc2 Bc3 39. Kg2 Bd3 40. Ne3 Bxd4 41.
Nexd5 exd5 42. Nxd5 Bxe5 43. Ne7+ Kf8 44. Nc6 Bc3 45. Nxa5 Bxa5 46. Kf2 Bb6+
47. Kg3 g5 0-1

[Event "2024 Perth Chess Club Championship (Reserves)"]
[Site "Woodvale, Perth WA AUS"]
[Date "2024.05.01"]
[Round "4"]
[White "Curtis, Calan"]
[Black "Rafiei Darani, Daryoush"]
[Result "0-1"]
[ECO "D02"]
[WhiteElo "1627"]
[BlackElo "1742"]
[PlyCount "86"]
[EventDate "2024.04.10"]
[EventType "swiss"]
[EventRounds "7"]
[TimeControl "3600+30"]

1. d4 Nf6 2. Nc3 d5 3. Bf4 Bf5 4. e3 e6 5. Nf3 a6 6. Ne5 c5 7. g4 Bg6 8. h4
cxd4 9. exd4 Ne4 10. Nxe4 Bxe4 11. f3 f6 12. Nf7 Kxf7 13. fxe4 Nc6 14. e5 Qb6
15. exf6 Qxd4 16. Qxd4 Nxd4 17. O-O-O Nc6 18. fxg7 Bxg7 19. c3 e5 20. Be3 Ke6
21. Bh3 e4 22. g5+ Ke5 23. Bd4+ Nxd4 24. cxd4+ Kd6 25. Rhf1 Rhf8 26. Rxf8 Rxf8
27. Bg4 Rf4 28. Bc8 Rf7 29. Bh3 b5 30. h5 h6 31. g6 Rf2 32. Rf1 Rxf1+ 33. Bxf1
Bxd4 34. b3 Ke6 35. Bh3+ Kd6 36. Kd2 a5 37. Bg4 b4 38. Ke2 Bf6 39. Bc8 Ke5 40.
Ke3 d4+ 41. Ke2 Kf4 42. Bb7 d3+ 43. Kd1 e3 0-1

[Event "2024 Perth Chess Club Championship (Reserves)"]
[Site "Woodvale, Perth WA AUS"]
[Date "2024.05.01"]
[Round "4"]
[White "Knight, Charles"]
[Black "Bhatia, Abhay"]
[Result "1-0"]
[ECO "C25"]
[WhiteElo "1474"]
[BlackElo "1729"]
[PlyCount "49"]
[EventDate "2024.04.10"]
[EventType "swiss"]
[EventRounds "7"]
[TimeControl "3600+30"]

1. e4 e5 2. Nc3 Nc6 3. Bc4 d6 4. Nge2 Qg5 5. Ng3 Bg4 6. Be2 Bxe2 7. Ncxe2 Nf6
8. d3 Qg6 9. O-O h5 10. f4 h4 11. f5 Qh7 12. Nh1 h3 13. g3 d5 14. Nc3 Bc5+ 15.
Nf2 dxe4 16. Ncxe4 Nxe4 17. dxe4 Rd8 18. Bd2 Be3 19. Bxe3 Rxd1 20. Raxd1 O-O
21. Rd7 g6 22. Ng4 Qh8 23. fxg6 Nd8 24. Bh6 Ne6 25. Nf6+ 1-0

[Event "2024 Perth Chess Club Championship (Reserves)"]
[Site "Woodvale, Perth WA AUS"]
[Date "2024.05.01"]
[Round "4"]
[White "Nauom, Rafik"]
[Black "Oswald, Franz"]
[Result "0-1"]
[ECO "D02"]
[WhiteElo "1444"]
[BlackElo "1692"]
[PlyCount "136"]
[EventDate "2024.04.10"]
[EventType "swiss"]
[EventRounds "7"]
[TimeControl "3600+30"]

1. d4 Nf6 2. Bf4 e6 3. Nf3 d5 4. e3 c5 5. Nc3 a6 6. Bg3 Nc6 7. Nd2 cxd4 8. exd4
Nxd4 9. Be5 Nc6 10. f4 Bd6 11. Nf3 O-O 12. Bd3 g6 13. h4 Bxe5 14. fxe5 Ng4 15.
h5 Ngxe5 16. hxg6 Nxd3+ 17. Qxd3 fxg6 18. Qd2 Qf6 19. Ne2 Ne5 20. O-O-O Nc4 21.
Qd4 Qxd4 22. Rxd4 Kg7 23. Rdh4 Rh8 24. Rh6 e5 25. b3 Ne3 26. Nxe5 Bf5 27. Nd4
Rae8 28. Nef3 Ng4 29. Nxf5+ gxf5 30. Rb6 Re7 31. Rd6 Nf6 32. Nd4 Kg6 33. Rf1
Rhe8 34. Rxf5 Rf7 35. Rfxd5 Re4 36. Nf3 Rfe7 37. Rg5+ Kf7 38. Rf5 R4e6 39. Ng5+
Kg6 40. Rxe6 Rxe6 41. Nxe6 Kxf5 42. Nd8 b6 43. Kd2 Kf4 44. Ke2 Kg3 45. Kf1 Ng4
46. Ne6 Ne3+ 47. Kg1 Nxc2 48. Ng5 h5 49. Ne4+ Kf4 50. Nf6 Kg5 51. Nd7 b5 52.
Nc5 Nb4 53. Kf2 Nxa2 54. Nxa6 Nc3 55. Nc5 Kg4 56. Nd3 Ne4+ 57. Ke3 Nc3 58. Kd4
Kg3 59. Ne1 b4 60. Kc4 Na2 61. Kd3 Kf2 62. Kd2 h4 63. Kd1 Nc3+ 64. Kd2 Ne4+ 65.
Kd1 Nc3+ 66. Kd2 Nb5 67. Kd1 Nd4 68. Nd3+ Kxg2 0-1

[Event "2024 Perth Chess Club Championship (Reserves)"]
[Site "Woodvale, Perth WA AUS"]
[Date "2024.05.01"]
[Round "4"]
[White "Michael, Ashley"]
[Black "Akers, Gerard"]
[Result "0-1"]
[ECO "B20"]
[WhiteElo "1559"]
[BlackElo "1642"]
[PlyCount "62"]
[EventDate "2024.04.10"]
[EventType "swiss"]
[EventRounds "7"]
[TimeControl "3600+30"]

1. e4 c5 2. b4 b6 3. bxc5 bxc5 4. Nc3 a6 5. Rb1 d6 6. Bc4 e6 7. f4 Nc6 8. Nf3
Be7 9. O-O Bf6 10. Qe1 Nd4 11. e5 Nxf3+ 12. Rxf3 dxe5 13. Qe4 Qd4+ 14. Re3 Qxe4
15. Rxe4 exf4 16. Bd5 Ra7 17. Rb8 Kd8 18. Bc4 Kc7 19. Rb3 Bd4+ 20. Kf1 g5 21.
Ba3 Nf6 22. Re1 Rb7 23. Reb1 Rxb3 24. Rxb3 Rd8 25. Na4 Nd7 26. c3 Bf6 27. Nxc5
Nxc5 28. Bxc5 Rxd2 29. Rb6 Bxc3 30. Bxa6 Rxa2 31. Bd3 Bb7 0-1

[Event "2024 Perth Chess Club Championship (Reserves)"]
[Site "Woodvale, Perth WA AUS"]
[Date "2024.05.01"]
[Round "4"]
[White "May, Wendy"]
[Black "Sethuraman, Jaswanth Ram"]
[Result "0-1"]
[ECO "B00"]
[WhiteElo "898"]
[BlackElo "1557"]
[PlyCount "48"]
[EventDate "2024.04.10"]
[EventType "swiss"]
[EventRounds "7"]
[TimeControl "3600+30"]

1. e4 Nc6 2. d4 e5 3. d5 Nce7 4. Nf3 Ng6 5. Nc3 Nf6 6. b3 Bb4 7. Bd2 a6 8. a3
Bc5 9. b4 Bb6 10. Bc4 d6 11. O-O O-O 12. Bg5 h6 13. Bxf6 Qxf6 14. a4 Bg4 15.
Be2 Nf4 16. h3 Bh5 17. a5 Ba7 18. b5 Bxf3 19. Bxf3 Qg6 20. Bg4 h5 21. g3 hxg4
22. gxf4 gxh3+ 23. Qg4 Qxg4+ 24. Kh2 Qg2# 0-1

[Event "2024 Perth Chess Club Championship (Reserves)"]
[Site "Woodvale, Perth WA AUS"]
[Date "2024.05.01"]
[Round "4"]
[White "Brooke, John"]
[Black "Roebuck, Derek"]
[Result "0-1"]
[ECO "D02"]
[WhiteElo "1397"]
[BlackElo "1781"]
[PlyCount "130"]
[EventDate "2024.04.10"]
[EventType "swiss"]
[EventRounds "7"]
[TimeControl "3600+30"]

1. d4 d5 2. Nf3 Bf5 3. Bf4 e6 4. h3 Nf6 5. a3 c6 6. e3 Qa5+ 7. Nbd2 Nbd7 8. Be2
Ne4 9. O-O Nxd2 10. Nxd2 Nf6 11. c4 Qd8 12. c5 Be7 13. Nf3 O-O 14. Nh4 Bg6 15.
Nxg6 hxg6 16. b4 Qd7 17. a4 Bd8 18. b5 Bc7 19. Bg5 Ne4 20. Bf4 Bxf4 21. exf4
Nc3 22. Qc2 Nxe2+ 23. Qxe2 a6 24. b6 Qe7 {(=)} 25. Ra3 Qf6 26. Qd2 Rae8 27. Re1
Qd8 28. Rg3 Kh7 29. Qd3 Rh8 30. Rg5 Kg8 31. Qf3 Kf8 32. Rge5 Qd7 33. Qg3 Rh5
34. Rg5 Rxg5 35. Qxg5 Qe7 36. Qe5 Qf6 37. Qd6+ Qe7 38. Qe5 Qf6 39. Qe3 Qd8 40.
Qg3 Qf6 41. Rd1 Rd8 42. Rd3 Kg8 43. Qh2 Qf5 44. Rd1 Kf8 45. Qg3 Qf6 46. h4 Ke7
47. f5 gxf5 48. Qc7+ Rd7 49. Qb8 Qxh4 50. Qe5 Qf6 51. Qg3 Qg6 52. Qh4+ f6 53.
Qh2 Qh6 54. Qg3 Qg5 55. Qd3 Kf7 56. Re1 Rd8 57. Qe2 Re8 58. Rd1 Kg8 59. Rd3 Qg4
60. Qe3 e5 61. a5 e4 62. Qd2 exd3 63. f3 Qg3 64. Kf1 Re2 65. Qd1 Qxg2# 0-1

[Event "2024 Perth Chess Club Championship (Reserves)"]
[Site "Woodvale, Perth WA AUS"]
[Date "2024.05.01"]
[Round "4"]
[White "Leonhardt, Wolfgang"]
[Black "Gough, Sebastian"]
[Result "1-0"]
[ECO "B08"]
[WhiteElo "1767"]
[BlackElo "1206"]
[PlyCount "59"]
[EventDate "2024.04.10"]
[EventType "swiss"]
[EventRounds "7"]
[TimeControl "3600+30"]

1. d4 Nf6 2. Nf3 g6 3. Bf4 d6 4. Nc3 Bg7 5. Qd2 O-O 6. e4 Bg4 7. Be2 Nbd7 8.
O-O-O Bxf3 9. gxf3 Re8 10. d5 Nc5 11. Bh6 e5 12. Bxg7 Kxg7 13. b4 Ncd7 14. Rdg1
Nh5 15. h4 Nf4 16. Bd1 Rc8 17. Ne2 Nxe2+ 18. Bxe2 c5 19. b5 b6 20. h5 Nf6 21.
hxg6 fxg6 22. Qh6+ Kf7 23. f4 exf4 24. Qxf4 Kg7 25. Qh6+ Kf7 26. Bg4 Rc7 27.
Be6+ Rxe6 28. dxe6+ Kxe6 29. Qh3+ Ke5 30. Rg5+ 1-0

[Event "2024 Perth Chess Club Championship (Reserves)"]
[Site "Woodvale, Perth WA AUS"]
[Date "2024.05.01"]
[Round "4"]
[White "Markou, Victor"]
[Black "Leech, Martin"]
[Result "0-1"]
[ECO "B24"]
[WhiteElo "1003"]
[BlackElo "1546"]
[PlyCount "52"]
[EventDate "2024.04.10"]
[EventType "swiss"]
[EventRounds "7"]
[TimeControl "3600+30"]

1. e4 e6 2. Nc3 d5 3. Nge2 c5 4. g3 Nf6 5. Bg2 Nc6 6. O-O Be7 7. Re1 O-O 8. d3
a6 9. exd5 exd5 10. Nf4 d4 11. Ne4 Bf5 12. Nxf6+ Bxf6 13. Nd5 Bd7 14. Nxf6+
Qxf6 15. Qf3 Qg6 16. Qe4 Rae8 17. Qxg6 Rxe1+ 18. Bf1 fxg6 19. b3 Bh3 20. Bb2
Rxa1 21. Bxa1 Bxf1 22. Kxf1 Re8 23. Bb2 Nb4 24. a3 Nxc2 25. b4 Re1+ 26. Kg2 Rb1
0-1

[Event "2024 Perth Chess Club Championship (Reserves)"]
[Site "Woodvale, Perth WA AUS"]
[Date "2024.05.01"]
[Round "4"]
[White "Walker, Colin"]
[Black "Powell, Darren"]
[Result "1-0"]
[ECO "D00"]
[WhiteElo "1429"]
[BlackElo "1303"]
[PlyCount "119"]
[EventDate "2024.04.10"]
[EventType "swiss"]
[EventRounds "7"]
[TimeControl "3600+30"]

1. d4 d5 2. g3 e6 3. Bg2 Nf6 4. Nc3 h6 5. e3 Bb4 6. Bd2 Nc6 7. Nge2 Bd7 8. a3
Bd6 9. O-O Qe7 10. b4 b6 11. f3 e5 12. Nb5 e4 13. Nxd6+ Qxd6 14. Nc3 Qe6 15.
Qe2 Nb8 16. Rf2 O-O 17. fxe4 dxe4 18. Rf4 Bc6 19. Raf1 Nbd7 20. Bc1 Bd5 21.
Nxd5 Qxd5 22. c4 Qe6 23. Bb2 c6 24. Rd1 Rfe8 25. d5 Qd6 26. dxc6 Qxc6 27. Qc2
Qe6 28. Bd4 Rac8 29. Rc1 b5 30. c5 Nb6 31. Bxf6 gxf6 32. Rxe4 Qd7 33. Rxe8+
Qxe8 34. e4 Nc4 35. Qc3 Qe6 36. a4 a6 37. axb5 axb5 38. Ra1 Rd8 39. Rf1 Nd2 40.
Rxf6 Qa2 41. Rd6 Qb1+ 42. Kf2 Rxd6 43. cxd6 Nxe4+ 44. Bxe4 Qxe4 45. Qe3 Qf5+
46. Qf4 Qe6 47. Kf3 Kf8 48. g4 Ke8 49. Qe4 Kd7 50. Qb7+ Kxd6 51. Qxb5 Qd5+ 52.
Qxd5+ Kxd5 53. Kf4 Kc4 54. Kf5 Kxb4 55. Kf6 Kc4 56. Kxf7 Kd4 57. Kg6 Ke5 58.
Kxh6 Kf6 59. g5+ Kf7 60. Kh7 1-0

[Event "2024 Perth Chess Club Championship (Reserves)"]
[Site "Woodvale, Perth WA AUS"]
[Date "2024.05.01"]
[Round "4"]
[White "Kerr, Carter"]
[Black "Dawoud, Ahmad"]
[Result "1-0"]
[ECO "C44"]
[WhiteElo "1875"]
[BlackElo "1149"]
[PlyCount "55"]
[EventDate "2024.04.10"]
[EventType "swiss"]
[EventRounds "7"]
[TimeControl "3600+30"]

1. e4 e5 2. Nf3 Nc6 3. Bc4 Bc5 4. d4 exd4 5. Ng5 Ne5 6. Nxf7 Nxf7 7. Qh5 Qe7 8.
Bxf7+ Kd8 9. Bxg8 Qxe4+ 10. Kd1 d5 11. Bg5+ Be7 12. Bxe7+ Qxe7 13. Qxd5+ Qd7
14. Qxd7+ Kxd7 15. Bb3 c5 16. Nd2 b6 17. Bd5 Rb8 18. Re1 Kd6 19. Bf3 h5 20.
Nc4+ Kd7 21. Ne5+ Kc7 22. Nf7 Rf8 23. Re7+ Bd7 24. Ne5 Rbd8 25. Rxg7 Rf5 26.
Nxd7 Rxd7 27. Rxd7+ Kxd7 28. Kd2 1-0

[Event "2024 Perth Chess Club Championship (Reserves)"]
[Site "Woodvale, Perth WA AUS"]
[Date "2024.05.01"]
[Round "4"]
[White "Porteus, Grant"]
[Black "Overste, Brian"]
[Result "1-0"]
[ECO "D07"]
[WhiteElo "1183"]
[BlackElo "981"]
[PlyCount "49"]
[EventDate "2024.04.10"]
[EventType "swiss"]
[EventRounds "7"]
[TimeControl "3600+30"]

1. d4 d5 2. c4 dxc4 3. e4 Nc6 4. d5 Ne5 5. Bf4 Ng6 6. Bg3 Nf6 7. Nc3 e6 8. Bxc4
Bb4 9. Qa4+ Nd7 10. Qxb4 a5 11. Qa3 b6 12. Nb5 Nde5 13. Rc1 c6 14. Nd6+ Kd7 15.
dxc6+ Kc7 16. Nxf7 Qf6 17. Nxe5 Nxe5 18. Nf3 Kxc6 19. Nxe5+ Kb7 20. Qd6 Qd8 21.
Qc6+ Ka7 22. Rd1 Bb7 23. Qb5 Qf6 24. Rd7 Qd8 25. Nc6# 1-0

[Event "2024 Perth Chess Club Championship (Reserves)"]
[Site "Woodvale, Perth WA AUS"]
[Date "2024.05.01"]
[Round "4"]
[White "Lanham, Bruce"]
[Black "Owen, Geoffrey"]
[Result "0-1"]
[ECO "A04"]
[WhiteElo "1254"]
[BlackElo "1104"]
[PlyCount "96"]
[EventDate "2024.04.10"]
[EventType "swiss"]
[EventRounds "7"]
[TimeControl "3600+30"]

1. Nf3 c6 2. g3 d6 3. Bg2 Nd7 4. d4 h6 5. O-O g5 6. c4 Bg7 7. Nc3 Nf8 8. b3 g4
9. Ne1 h5 10. e4 h4 11. Bb2 h3 12. Bh1 Ng6 13. Nc2 Nh4 14. gxh4 Rxh4 15. Ne3 e6
16. Qd2 Qg5 17. Rad1 Bd7 18. Rfe1 g3 19. fxg3 O-O-O 20. d5 Be5 21. Nf1 Bf4 22.
Qe2 e5 23. Bf3 Nf6 24. Kh1 Rh7 25. gxf4 Qxf4 26. Ng3 Bg4 27. Bxg4+ Nxg4 28. Rf1
Qg5 29. Bc1 Qg6 30. dxc6 bxc6 31. Rf3 Rf8 32. Qd2 Rd8 33. Qg5 d5 34. Qxg6 fxg6
35. cxd5 cxd5 36. Rxd5 Rc7 37. Rxd8+ Kxd8 38. Rd3+ Ke8 39. Kg1 Rf7 40. Be3 Rf3
41. Nd5 Nf2 42. Rc3 Nd1 43. Rd3 Nf2 44. Rd2 Ng4 45. Bxa7 Rf7 46. Bc5 Rf3 {
Scoresheet not clear, but the game continued along the lines:} 47. Rb2 Rd3 48.
a3 Rd1+ 0-1

[Event "2024 Perth Chess Club Championship (Closed)"]
[Site "Woodvale, Perth WA AUS"]
[Date "2024.05.08"]
[Round "5"]
[White "Wolstencroft, Alan"]
[Black "Elkington, Derek"]
[Result "1-0"]
[ECO "B33"]
[WhiteElo "1900"]
[BlackElo "1896"]
[PlyCount "52"]
[EventDate "2024.04.10"]
[EventType "tourn"]
[EventRounds "7"]
[EventCountry "AUS"]
[TimeControl "5400+30"]

1. e4 c5 2. Nf3 e6 3. d4 cxd4 4. Nxd4 Qb6 5. Nb3 Qc7 6. Nc3 a6 7. Bd3 Nc6 8.
O-O Nf6 9. Be3 b5 10. a3 Be7 11. f4 d6 12. Qf3 Bb7 13. Qh3 Rc8 14. g4 h5 15. g5
Ng4 16. Rae1 g6 17. Qg3 O-O 18. Bd2 Qb6+ 19. Kh1 f5 20. h3 d5 21. exd5 exd5 22.
hxg4 d4 23. Nd5 Nb4 24. axb4 Bxd5+ 25. Kg1 Qc7 26. gxh5 gxh5 1-0

[Event "2024 Perth Chess Club Championship (Closed)"]
[Site "Woodvale, Perth WA AUS"]
[Date "2024.05.08"]
[Round "5"]
[White "Clarke, Daniel"]
[Black "Plaganyi, Gyula"]
[Result "0-1"]
[ECO "B02"]
[WhiteElo "1922"]
[BlackElo "2053"]
[BlackTitle "CM"]
[PlyCount "130"]
[EventDate "2024.04.10"]
[EventType "tourn"]
[EventRounds "7"]
[EventCountry "AUS"]
[TimeControl "5400+30"]

1. e4 Nf6 2. Nc3 d5 3. exd5 Nxd5 4. d4 g6 5. Nf3 Bg7 6. Bc4 Nb6 7. Bb3 O-O 8.
Be3 Nc6 9. h3 Na5 10. Qe2 Nxb3 11. axb3 Nd5 12. Nxd5 Qxd5 13. Qd2 b6 14. c4 Qe4
15. Ke2 Bb7 16. Rhd1 Rfd8 17. Qd3 Qe6 18. d5 Qc8 19. Qc2 c6 20. dxc6 Bxc6 21.
Rxd8+ Qxd8 22. Rd1 Qc7 23. Ne1 Rd8 24. Rxd8+ Qxd8 25. f3 Qc7 26. Qd2 e6 27. Bd4
f6 28. Kf1 Kf7 29. Bc3 e5 30. Nc2 e4 31. fxe4 Bxe4 32. Nb4 Qc5 33. Qd7+ Qe7 34.
Qxe7+ Kxe7 35. g3 Ke6 36. Ke2 Bf8 37. Nd3 Bd6 38. Be1 g5 39. b4 h5 40. b3 Kf5
41. Ke3 Bg2 42. h4 Kg4 43. Nf2+ Kf5 44. Nd3 gxh4 45. gxh4 Bf1 46. Bf2 Bxd3 47.
Kxd3 Bxb4 48. Bd4 Be1 49. Ke2 Bxh4 50. b4 Ke4 51. Bg1 f5 52. c5 bxc5 53. bxc5
Bd8 54. c6 a5 55. Bh2 f4 56. Bg1 h4 57. Ba7 Bc7 58. Kf2 a4 59. Bc5 Kd5 60. Be7
h3 61. Kg1 Kxc6 62. Kh2 Bd6 63. Bf6 a3 64. Kxh3 Kd5 65. Ba1 Be5 0-1